 Dungeon Crawl Stone Soup version 0.31.0-4-g52a2dc7128 (webtiles) character file.

Game seed: 11082977556694372467

8071 cdecastro the Arsonist (level 11, 0/54 HPs)
             Began as a Deep Elf Fire Elementalist on Jan 19, 2024.
             Was an Initiate of Gozag.
             Killed themself with a badly aimed concussive blast (2 damage)
             ... on level 10 of the Dungeon on Jan 22, 2024.
             The game lasted 00:36:11 (13605 turns).

cdecastro the Arsonist (DEFE)                      Turns: 13605, Time: 00:36:11

Health: 0/54       AC:  5    Str:  5    XL:     11   Next: 5%
Magic:  20/23      EV: 12    Int: 25    God:    Gozag
Gold:   1252       SH:  0    Dex: 15    Spells: 7/24 levels left

rFire   + . .        c - +0 dagger (venom)
rCold   + . .        (no shield)
rNeg    . . .        a - +0 robe
rPois   .            p - +0 helmet
rElec   .            w - +1 cloak
rCorr   .            (no gloves)
SInv    .            (no boots)
Will    +++..        (no amulet)
Stlth   ++           g - ring of willpower
HPRegen 0.29/turn    k - ring "Roqiac" {rF+ rC+ Will+}
MPRegen 0.18/turn

%: no passive effects
@: no status effects
A: no striking features
a: Renounce Religion, Potion Petition, Call Merchant, Bribe Branch


You were on level 10 of the Dungeon.
You worshipped Gozag.
Gozag was most pleased with you.
You visited 2 branches of the dungeon, and saw 11 of its levels.

You collected 1404 gold pieces.
You spent 48 gold pieces at shops.
You paid 104 gold pieces to Gozag.

Inventory:

Hand Weapons
 c - a +0 dagger of venom (weapon)
 l - a +0 short sword of freezing
Missiles
 u - a throwing net
Armour
 a - a +0 robe (worn)
 p - a +0 helmet (worn)
 w - a +1 cloak (worn)
Jewellery
 d - a ring of ice
 g - a ring of willpower (left hand)
 k - the ring "Roqiac" (right hand) {rF+ rC+ Will+}
   (You found it on level 2 of the Dungeon)

   [ring of willpower]

   rF+:       It protects you from fire.
   rC+:       It protects you from cold.
   Will+:     It increases your willpower.
 s - a ring of willpower
 x - a ring of ice
 A - a ring of protection from fire
 D - a ring of positive energy
 J - a ring of see invisible
Wands
 y - a wand of flame (20)
 z - a wand of digging (6)
 C - a wand of paralysis (7)
 H - a wand of iceblast (10)
 I - a wand of mindburst (13)
Scrolls
 e - 3 scrolls of enchant armour {unknown}
 f - 6 scrolls of teleportation
 h - a scroll of brand weapon {unknown}
 i - 3 scrolls of revelation {unknown}
 m - a scroll of enchant weapon {unknown}
 n - 4 scrolls of blinking {unknown}
 r - a scroll of fear {unknown}
 t - a scroll of amnesia {unknown}
 F - 2 scrolls of fog {unknown}
 L - a scroll of poison {unknown}
Potions
 b - 2 potions of magic
 j - 2 potions of invisibility
 o - 2 potions of attraction
 q - 4 potions of lignification
 v - a potion of haste
 B - 2 potions of might
 E - a potion of enlightenment
 G - a potion of heal wounds {unknown}
 K - 2 potions of resistance {unknown}
 M - 4 potions of ambrosia


   Skills:
 + Level 2.4 Dodging
 - Level 2.4 Stealth
 - Level 7.3 Spellcasting
 - Level 12.0 Conjurations
 - Level 13.5 Fire Magic


You had 7 spell levels left.
You knew the following spells:

 Your Spells              Type           Power      Damage    Failure   Level
a - Foxfire               Conj/Fire      100%       2x1d9     1%          1
b - Scorch                Fire           100%       2d9       1%          2
c - Volatile Blastmotes   Fire/Tloc      84%        2d17      1%          3
d - Inner Flame           Hex/Fire       42%        N/A       1%          3
e - Flame Wave            Conj/Fire      65%        2d15      1%          4
f - Sticky Flame          Fire/Alch      42%        2d8       4%          4

Your spell library contained the following spells:

 Spells                   Type           Power      Damage    Failure   Level
 Sting                    Conj/Alch      100%       1d9       1%          1
 Static Discharge         Conj/Air       78%        3-7/arc   1%          2
 Mercury Vapours          Alch/Air       18%        N/A       10%         2
 Airstrike                Air            4%         2d(1-17)  54%         4
 Olgreb's Toxic Radiance  Alch           9%         N/A       54%         4
 Summon Lightning Spire   Summ/Air       9%         N/A       54%         4


Dungeon Overview and Level Annotations

Branches:
Dungeon (10/15)            Temple (1/1) D:7             Orc (0/2) D:10
   Lair: D:8-11

Altars:
Ashenzari
Cheibriados
Dithmenos
Elyvilon
Fedhas
Gozag
Hepliaklqana
Kikubaaqudgha
Makhleb
Nemelex Xobeh
Okawaru
Qazlal
Ru
Sif Muna
Trog
Uskayaw
Vehumet
Wu Jian
Xom
Yredelemnul
Zin
The Shining One

Shops:
D:6 *

Annotations:
D:4 3 runed translucent doors, SuperJoe's ghost, weakling TeDe
D:5 3 runed translucent doors, MadMike78's ghost, amateur SpHu
D:6 Maggie
D:8 6 transporters, shadowrider38's ghost, novice VSNe
D:10 Snorg


Message History

You see here 5 stones.
You now have 1252 gold pieces (gained 4).
You see here a +0 spear.
Unknown command.
Unknown command.
Okay, then.
Unknown command.
This spell is dangerous to cast!
Magic restored.
You start memorising the spell.
You continue memorising.
HP restored.
You continue memorising. x3
You finish memorising.
Spell assigned to 'f'.
Okay, then.
Unknown command.
Found a scroll labelled IKOTEUNT FUIR.
Snorg opens the door.
Found a stone staircase leading down.
A gnoll comes into view. It is wielding a +0 whip.
Snorg shouts!
The gnoll shouts!
As you read the scroll of teleportation, it crumbles to dust.
You feel strangely unstable. Snorg bites you! Snorg claws you!
Snorg claws you but does no damage.
Unknown command.
Snorg goes berserk!
Your surroundings seem slightly different.
Casting: Foxfire (safe; 1% risk of failure)
Confirm with . or Enter, or press ? or * to list all spells.
A cloud of volatile blastmotes flares up around you!
Run!
Snorg bites you!!
* * * LOW HITPOINT WARNING * * *
Snorg claws you!
* * * LOW HITPOINT WARNING * * *
Snorg barely misses you. Snorg attacks as she pursues you!
Snorg barely misses you.
The cloud of blastmotes explodes!
The concussive blast engulfs Snorg!
Snorg is lightly wounded.
The concussive blast engulfs you. You resist.
You die...
Your body crumbles into a pile of gold.

$og############.....## .gg..
#.....#.....# ..8o..
#.....#.)...#
........#.>...'.(...#
..............#.....#
..>....8......#.g...# .#...
#.....# #######.T...#
#.......@...# #...........# ..
######...........#
...#................#
...#................#.....
...#.....#####......#.....
...#.....#####......+....
###≈≈≈.....≈≈#......#...# #
≈≈.....≈≈..≈≈#......#...#####+###


You could see Snorg (berserk) and a gnoll.

Vanquished Creatures
  Maurice (D:9)
  Joseph (D:7)
  A queen bee (D:8)
  A vampire (D:8)
  2 shadows
  2 wraiths (D:8)
  2 steam dragons
  Menkaure (D:7)
  Edmund (D:5)
  2 acid dragons
  A water moccasin (D:4)
  Duvessa (D:4)
  2 sky beasts
  6 orc warriors
  5 black bears
  2 ogres
  6 centaurs
  2 phantoms
  3 kobold brigands
  2 bullfrogs
  3 gnoll sergeants
  4 wights (D:8)
  Dowan (D:4)
  33 killer bees
  2 howler monkeys (D:6)
  2 hounds
  A jelly (D:6)
  2 bombardier beetles
  8 orc priests
  7 iguanas
  2 sleepcaps (D:4)
  8 orc wizards
  9 gnolls
  13 adders
  2 shadow imps
  2 white imps
  5 ribbon worms
  8 dart slugs
  38 orcs
  5 ball pythons
  6 bats
  6 endoplasms
  5 giant cockroaches
  5 goblins
  4 hobgoblins
  6 quokkas
  2 frilled lizards
  17 kobolds
  5 rats
255 creatures vanquished.

Vanquished Creatures (others)
  A hound (D:4)
  A giant cockroach (D:4)
  A ball python (D:4)
  709 foxfires
712 creatures vanquished.

Grand Total: 967 creatures vanquished

Notes
Turn   | Place    | Note
-------+----------+-------------------------------------------
     0 | D:1      | cdecastro the Deep Elf Fire Elementalist began the quest
                  | for the Orb.
     0 | D:1      | Reached XP level 1. HP: 10/10 MP: 6/6
   128 | D:1      | Reached XP level 2. HP: 13/15 MP: 5/8
   167 | D:1      | Reached skill level 4 in Fire Magic
   371 | D:1      | Learned a level 2 spell: Scorch
   799 | D:2      | Reached XP level 3. HP: 19/19 MP: 5/9
   869 | D:2      | Identified the ring "Roqiac" {rF+ rC+ Will+}
  1086 | D:2      | Reached skill level 5 in Fire Magic
  1753 | D:3      | Reached XP level 4. HP: 24/24 MP: 5/10
  2054 | D:3      | Reached skill level 6 in Fire Magic
  2112 | D:3      | Upgraded the game from 0.31.0 to 0.31.0-4-g52a2dc7128
  2207 | D:3      | Reached XP level 5. HP: 22/28 MP: 6/11
  3015 | D:4      | Noticed a black bear
  3022 | D:3      | Learned a level 3 spell: Volatile Blastmotes
  3026 | D:3      | Learned a level 3 spell: Inner Flame
  3180 | D:4      | Found a shimmering altar of Xom.
  3180 | D:4      | Noticed a sky beast
  3196 | D:4      | Reached skill level 7 in Fire Magic
  3313 | D:4      | Noticed a water moccasin
  3329 | D:4      | Killed a water moccasin
  3330 | D:4      | Reached XP level 6. HP: 32/32 MP: 5/12
  3402 | D:4      | Reached skill level 8 in Fire Magic
  3660 | D:4      | Noticed Dowan
  3728 | D:4      | Noticed SuperJoe's ghost (weakling TeDe)
  3729 | D:4      | Found a runed translucent gate.
  3729 | D:4      | Found a runed translucent gate.
  3729 | D:4      | Found a runed translucent gate.
  3765 | D:4      | Killed a sky beast
  3766 | D:4      | Reached skill level 9 in Fire Magic
  3766 | D:4      | Reached XP level 7. HP: 36/36 MP: 5/13
  3969 | D:4      | Noticed Duvessa
  4519 | D:4      | Found a glowing silver altar of Zin.
  4519 | D:4      | Found a shadowy altar of Dithmenos.
  4531 | D:4      | Reached skill level 5 in Spellcasting
  4634 | D:4      | Killed Dowan
  4650 | D:4      | Killed Duvessa
  5011 | D:5      | Entered Level 5 of the Dungeon
  5011 | D:5      | Found a runed translucent gate.
  5011 | D:5      | Found a runed translucent gate.
  5012 | D:5      | Found a runed translucent gate.
  5052 | D:5      | Reached XP level 8. HP: 41/41 MP: 9/20
  5057 | D:5      | Learned a level 4 spell: Flame Wave
  5169 | D:5      | Noticed Edmund
  5187 | D:5      | Killed Edmund
  5578 | D:5      | Reached skill level 5 in Conjurations
  5594 | D:5      | Noticed MadMike78's ghost (amateur SpHu)
  5775 | D:5      | Found an opulent altar of Gozag.
  5790 | D:5      | Became a worshipper of Gozag Ym Sagoz the Greedy
  6405 | D:6      | Found a sparkling altar of Nemelex Xobeh.
  6613 | D:6      | Reached XP level 9. HP: 45/45 MP: 16/21
  7000 | D:6      | Noticed Maggie
  7183 | D:6      | Found a sacrificial altar of Ru.
  7334 | D:6      | Found Woraegeor's Assorted Antiques.
  7886 | D:7      | Found a radiant altar of Vehumet.
  7947 | D:7      | Found a shimmering blue altar of Sif Muna.
  8051 | D:7      | Found a staircase to the Ecumenical Temple.
  8066 | Temple   | Entered the Ecumenical Temple
  8139 | D:6      | Bought a scroll labelled HECLAR VUYGUIPT for 24 gold pieces
  8139 | D:6      | Bought a scroll labelled XALAXT AFAKE for 24 gold pieces
  8218 | D:7      | Noticed Menkaure
  8224 | D:7      | Killed Menkaure
  8225 | D:7      | Reached skill level 10 in Conjurations
  8581 | D:7      | Noticed Joseph
  8616 | D:7      | Killed Joseph
  8934 | D:8      | Noticed a komodo dragon
  8942 | D:8      | Noticed an eight-headed hydra
  8959 | D:8      | Noticed a black mamba
  8963 | D:8      | Noticed shadowrider38's ghost (novice VSNe)
  8964 | D:8      | a blink frog changed into an entropy weaver
  8964 | D:8      | Noticed an entropy weaver (shapeshifter)
  9119 | D:8      | an entropy weaver changed into a yak
  9663 | D:8      | Reached XP level 10. HP: 44/50 MP: 2/22
 10042 | D:8      | Noticed a cane toad
 10044 | D:8      | Found a transporter.
 10046 | D:8      | Noticed a harpy
 10048 | D:8      | Found a transporter.
 10274 | D:8      | Found a transporter.
 10295 | D:8      | Found a transporter.
 10434 | D:8      | Found a transporter.
 10439 | D:8      | Found a transporter.
 10684 | D:9      | Reached skill level 10 in Fire Magic
 11304 | D:9      | Noticed Maurice
 11366 | D:8      | Noticed a meliai
 11382 | D:8      | Reached skill level 11 in Fire Magic
 11874 | D:9      | Reached skill level 12 in Fire Magic
 12077 | D:9      | Killed Maurice
 12448 | D:9      | Reached skill level 13 in Fire Magic
 13077 | D:10     | Entered Level 10 of the Dungeon
 13178 | D:10     | Found a snail-covered altar of Cheibriados.
 13297 | D:10     | Found a staircase to the Orcish Mines.
 13306 | D:10     | Reached XP level 11. HP: 39/54 MP: 11/23
 13360 | D:10     | Noticed Snorg
 13499 | D:10     | Found a hide-covered altar of Uskayaw.
 13593 | D:10     | Learned a level 4 spell: Sticky Flame
 13604 | D:10     | HP: 2/54 [Snorg (7)]
 13605 | D:10     | Killed themself with a badly aimed concussive blast

Illustrated notes

Levels and vault maps discovered:
D:1:      minmay_arrival_jagged, layout_basic
D:2:      layout_loops_ring, nicolae_the_louvre
D:3:      layout_loops_cross, serial_rivers, chequers_serial_rivers_micro_b,
          chequers_serial_rivers_micro_a, chequers_serial_rivers_room_a,
          chequers_serial_rivers_small_a, chequers_serial_rivers_room_b,
          chequers_serial_rivers_room_b, minmay_vboxes
D:4:      layout_loops_corners, xom_confusion_cloud, jmf_multi_god_temple,
          gammafunk_ghost_nasty_kobolds, kennysheep_decorative_pillar,
          uniq_duvessa
D:5:      layout_cave_pools, old_standard_altar, gammafunk_ghost_icy,
          uniq_edmund
D:6:      layout_basic, mainiacjoe_overflow_cross_hatched,
          nicolae_ru_path_of_blood, serial_shops, nicolae_take_the_stairs,
          minmay_misc_feat_ornament, uniq_maggie
D:7:      layout_loops_ring, led_sif_pool, nicolae_vehumet_radiance,
          minmay_temple_entry_grid, uniq_joseph, uniq_menkaure
D:8:      layout_basic, nzn_ghost_randoct, nicolae_diode_intersection
D:9:      layout_rooms, serial_curves, eino_curves_01, eino_curves_03,
          special_room [special_room_bee], uniq_maurice
D:10:     layout_gridville, nicolae_uskayaw_suspiria, slow_altar_1,
          minmay_lair_entry_grove, david_orc_2, enter_bailey_3, uniq_snorg,
          uniq_josephine
Temple:   nicolae_temple_hex_pool

Skill      XL: |  1  2  3  4  5  6  7  8  9 10 |
---------------+-------------------------------+-----
Fire Magic     | 4 5 6 7 9 13 | 13.5
Spellcasting   | 7 |  7.3
Conjurations   | 8 12 | 12.0
Dodging        | |  2.4
Stealth        | |  2.4

Action                     |  1- 3 |  4- 6 |  7- 9 | 10-12 || total
---------------------------+-------+-------+-------+-------++-------
  Melee: Unarmed           |     6 |       |       |       ||     6
         Short sword       |       |     1 |     3 |       ||     4
   Cast: Foxfire           |    33 |    45 |   172 |   158 ||   408
         Scorch            |    20 |    37 |    58 |    89 ||   204
         Volatile Blastmot |       |       |    32 |     2 ||    34
         Flame Wave        |       |       |     2 |       ||     2
         Inner Flame       |       |       |     3 |     6 ||     9
    Use: Scroll            |       |       |     9 |     1 ||    10
         Potion            |       |       |     1 |     1 ||     2
 Armour: Robe              |    21 |     9 |    37 |    57 ||   124
  Dodge: Dodged            |    29 |    11 |    46 |    42 ||   128
